 Dungeon Crawl Stone Soup version 0.30-a0-585-g93115170b9 (webtiles) character file.

Game seed: 8879184669992184241

245 Newt the Cutter (level 5, -4/41 HPs)
             Began as a Demonspawn Gladiator on Jan 2, 2023.
             Slain by a gnoll
             ... wielding a +0 halberd
             ... led by a gnoll bouda
              (10 damage)
             ... on level 4 of the Dungeon.
             The game lasted 00:03:29 (3239 turns).

Newt the Cutter (Demonspawn Gladiator)              Turns: 3239, Time: 00:03:30

Health: -4/41      AC:  7    Str: 16    XL:     5   Next: 84%
Magic:  5/5        EV: 10    Int: 10    God:
Gold:   185        SH:  0    Dex: 14    Spells: 4/4 levels left

rFire   . . .      SeeInvis .    o - +1 whip (venom)
rCold   . . .      Faith    .    (no shield)
rNeg    . . .      Spirit   .    p - +0 scale mail
rPois   +          Reflect  .    c - +0 helmet
rElec   .          Harm     .    (no cloak)
rCorr   .          Rampage  .    (no gloves)
Will    .....                    (no boots) Stlth
                                 q - amulet of regeneration
HPRegen 1.06/turn                j - ring of poison resistance
MPRegen 0.18/turn                m - ring of flight

@: lethally poisoned (-4 -> -5), flying
A: magic regeneration, demonic touch 1
a: no special abilities


You were on level 4 of the Dungeon.
You visited 1 branch of the dungeon, and saw 4 of its levels.

You collected 185 gold pieces.

Inventory:

Hand Weapons
 a - a +0 rapier
 o - a +1 whip of venom (weapon)
Missiles
 d - 3 throwing nets (quivered)
 e - 7 javelins
 u - 3 boomerangs
Armour
 b - a +0 leather armour
 c - a +0 helmet (worn)
 p - a +0 scale mail (worn)
Jewellery
 j - a ring of poison resistance (left hand)
 m - a ring of flight (right hand)
 q - an amulet of regeneration (around neck)
 v - an amulet of guardian spirit
Scrolls
 h - a scroll of brand weapon
 i - a scroll of silence
 k - a scroll of blinking
 r - a scroll of teleportation
Potions
 f - a potion of invisibility {unknown}
 g - a potion of mutation {unknown}
 l - 2 potions of haste
 n - a potion of flight {unknown}
 s - a potion of lignification {unknown}
 t - a potion of might {unknown}


   Skills:
 + Level 3.4 Fighting
 + Level 3.8 Short Blades
 + Level 3.1 Throwing
 + Level 3.8 Dodging


You had 4 spell levels left.
You didn't know any spells.
Your spell library contained the following spells:

 Spells                   Type           Power      Damage    Failure   Level
 Call Canine Familiar     Summ           0%         N/A       99%         3
 Dazzling Flash           Conj/Hex       0%         N/A       99%         3
 Portal Projectile        Hex/Tloc       0%         N/A       99%         3
 Leda's Liquefaction      Hex/Erth       0%         N/A       100%        4
 Agony                    Necr           0%         N/A       100%        5
 Silence                  Hex/Air        0%         N/A       100%        5


Dungeon Overview and Level Annotations

Branches:
Dungeon (4/15)
 Temple: D:4-7

Altars:

Annotations:
D:3 1 runed translucent door, Heh's ghost, amateur OpFi


Innate Abilities, Weirdness & Mutations

You regenerate magic rapidly.
Your touch may inflict minor irresistible damage on your foes.


Message History

The gnoll closely misses you. The kobold hits you with a +0 dagger.
The gnoll closely misses you.
You barely miss the kobold.
The kobold is severely wounded.
You kill the kobold!
The gnoll hits you from afar with a +0 halberd.
You see here a +0 dagger.
You hit the gnoll bouda but do no damage.
The gnoll bouda is poisoned.
The gnoll barely misses you.
You hit the gnoll bouda.
The gnoll bouda looks as sick as possible!
The gnoll bouda is moderately wounded.
The gnoll bouda barely misses you. The gnoll closely misses you.
You hit the gnoll bouda but do no damage.
Your touch misses the gnoll bouda.
The gnoll bouda is moderately wounded.
The gnoll bouda hits you but does no damage.
The gnoll hits you from afar with a +0 halberd.
The gnoll bouda barks out a call to the hunt!
The gnolls pick up the pace!
The gnoll bouda attacks as you move away!
The gnoll bouda hits you with a +0 club!
You kill the gnoll bouda!
The gnoll closely misses you.
You hit the gnoll.
The gnoll is poisoned.
The gnoll is lightly wounded.
You hit the gnoll.
The gnoll is lightly wounded.
The gnoll hits you from afar with a +2 spear of venom.
The gnoll barely misses you.
The gnoll hits you from afar with a +2 spear of venom.
You are poisoned.
You feel very sick. The gnoll hits you with a +0 halberd.
The gnoll hits you with a +0 club.
* * * LOW HITPOINT WARNING * * *
The gnoll attacks as you move away! The gnoll hits you with a +0 club.
* * * LOW HITPOINT WARNING * * *
You feel sick.
The gnoll hits you from afar with a +0 halberd!
You die...

.####.##.....#.##.....# #..#g#
.# #..#.....#.######## #..#.# .
.# ###....###.# ..#g##. .#
##.......# .....
#########.###### .g.
....##.......# #)#
###.#..##.##.# ##############.#
......>.#.##.###...#....g.....#
................@.g#)##########
.........###.###..g)g#
##......####.# #...###
.............# #####
......#†###### #######.## #
##...## ### #.#...# ..# ##.#..#


You could see 3 gnolls.

Vanquished Creatures
  A scorpion (D:4)
  A hound (D:3)
  A gnoll bouda (D:4)
  An orc wizard (D:4)
  A gnoll (D:4)
  2 adders
  2 dart slugs (D:1)
  5 orcs
  4 endoplasms
  A giant cockroach (D:3)
  9 hobgoblins
  3 jackals (D:2)
  6 kobolds
  3 quokkas
  6 ball pythons
  5 bats
  5 frilled lizards
  9 goblins
  6 rats
71 creatures vanquished.

Notes
Turn   | Place    | Note
-------+----------+-------------------------------------------
     0 | D:1      | Newt the Demonspawn Gladiator began the quest for the Orb.
     0 | D:1      | Reached XP level 1. HP: 16/16 MP: 1/1
    53 | D:1      | Gained mutation: Your touch may inflict minor irresistible
                  | damage on your foes. [demonic ancestry]
    53 | D:1      | Reached XP level 2. HP: 16/22 MP: 2/2
   690 | D:2      | Reached XP level 3. HP: 28/28 MP: 3/3
  1786 | D:3      | Reached XP level 4. HP: 34/34 MP: 4/4
  1939 | D:3      | Found a runed translucent door.
  2448 | D:3      | Noticed Heh's ghost (amateur OpFi)
  2878 | D:4      | Gained mutation: You regenerate magic rapidly. [demonic
                  | ancestry]
  2878 | D:4      | Reached XP level 5. HP: 16/41 MP: 5/5
  3239 | D:4      | Slain by a gnoll

Illustrated notes

Levels and vault maps discovered:
D:1:      eino_arrival_druids_welcome, layout_rooms, amethyst_killhole
D:2:      layout_basic
D:3:      layout_basic, ebering_ghost_reflecting_pool
D:4:      layout_loops_cross

Skill      XL: |  1  2  3  4  5 |
---------------+----------------+-----
Throwing       | 2 3 |  3.1
Short Blades   | 3 |  3.8
Dodging        | 3 |  3.8
Fighting       | 3 |  3.4

Action                   |  1- 3 |  4- 6 || total
-------------------------+-------+-------++-------
Melee: Rapier            |   121 |       ||   121
       Touch             |    17 |     7 ||    24
       Punch             |     2 |     1 ||     3
       Whip              |     6 |    64 ||    70
  Use: Scroll            |     8 |     2 ||    10
       Potion            |     1 |     1 ||     2
 Stab: Sleeping          |     2 |       ||     2
Armor: Leather armour    |    32 |       ||    32
       Scale mail        |    15 |    25 ||    40
Dodge: Dodged            |    95 |    47 ||   142

Table legend: (Time is in decaauts)
 A = Elapsed time spent in this place.
 B = Non-inter-level travel time spent in this place.
 C = Inter-level travel time spent in this place.
 D = Time resting spent in this place.
 E = Time spent auto-exploring this place.
 F = Levels seen in this place.
 G = Mean time per level.
                   A        B        C        D        E       F      G
               +--------+--------+--------+--------+--------+-----+--------+
         Total |   3251 |   3191 |     60 |    448 |   2262 |   4 |  812.8 |
       Dungeon |   3251 |   3191 |     60 |    448 |   2262 |   4 |  812.8 |
               +--------+--------+--------+--------+--------+-----+--------+

Top non-repeatable levels by time:
     D:3: 1271 daAuts
     D:2: 1059 daAuts
     D:1: 516 daAuts
     D:4: 403 daAuts
